 Dungeon Crawl Stone Soup version 0.23.1 (webtiles) character file.

Game seed: 10477090306821047398

71 Borgoz the Sneak (level 4, -2/25 HPs)
             Began as a Kobold Enchanter on Mar 7, 2019.
             Slain by an adder (4 damage)
             ... on level 2 of the Dungeon.
             The game lasted 00:03:34 (1464 turns).

Borgoz the Sneak (Kobold Enchanter)                 Turns: 1464, Time: 00:03:35

Health: -2/25      AC:  1    Str:  6    XL:     4   Next: 47%
Magic:  1/7        EV: 15    Int: 16    God:
Gold:   89         SH:  0    Dex: 13    Spells: 2/8 levels left

rFire    . . .     SeeInvis .   a - +1 dagger
rCold    . . .     Gourm    .   (shield restricted)
rNeg     . . .     Faith    .   b - +0 robe
rPois    .         Spirit   .   (helmet restricted)
rElec    .         Reflect  .   (no cloak)
rCorr    .         Harm     .   (no gloves)
MR       .....                  (no boots)
Stlth    +++.......             (no amulet)
HPRegen  0.48/turn              (no ring)
MPRegen  0.10/turn              (no ring)

@: lethally poisoned (-2 -> -2), very slightly contaminated
A: small, horns 1, carnivore, clumsy 1, deformed body, regeneration 1
a: no special abilities


You were on level 2 of the Dungeon.
You were very full.

You visited 1 branch of the dungeon, and saw 2 of its levels.

You collected 89 gold pieces.

Inventory:

Hand Weapons
 a - a +1 dagger (weapon)
Missiles
 m - 12 poisoned needles
Armour
 b - a +0 robe (worn)
Scrolls
 f - 6 scrolls of identify {unknown}
 g - 2 scrolls of fear {unknown}
 i - a scroll of magic mapping {unknown}
 j - a scroll of teleportation {unknown}
 l - a scroll of fog {unknown}
Potions
 c - 2 potions of might
 e - a potion of flight
 k - 2 potions of brilliance
Comestibles
 d - 9 rations
 h - 2 chunks of flesh


   Skills:
 + Level 1.1 Fighting
 + Level 2.3 Short Blades
 + Level 1.0 Armour
 + Level 2.9 Dodging
 + Level 4.5 Stealth
 + Level 2.5 Spellcasting
 + Level 3.4 Hexes


You had 2 spell levels left.
You knew the following spells:

 Your Spells              Type           Power        Failure   Level  Hunger
a - Corona                Hex            ##.....      4%          1    #......
b - Ensorcelled Hibernat  Hex/Ice        #.....       14%         2    ##.....
c - Confuse               Hex            ##......     14%         3    ###....

Your spell library contained the following spells:

 Spells                   Type           Power        Failure   Level  Hunger
 Tukima's Dance           Hex            ##......     14%         3    ###....
 Dazzling Spray           Conj/Hex       #.....       28%         3    ###....


Dungeon Overview and Level Annotations

Branches:
Dungeon (2/15)

Altars:
Sif Muna


Innate Abilities, Weirdness & Mutations

You are small and have problems with some larger weapons.
You are carnivorous and can eat meat at any time.
You have a pair of small horns on your head.
You are clumsy. (Dex -2)
Armour fits poorly on your strangely shaped body.
Your natural rate of healing is unusually fast.


Message History

You miscast Ensorcelled Hibernation.
You are very lightly contaminated with residual magic.
You feel a bit tired.
You feel sick. The adder bites you.
* * * LOW HITPOINT WARNING * * *
Casting: Ensorcelled Hibernation (safe; 14% risk of failure)
Confirm with . or Enter, or press ? or * to list all spells.
Aiming: Ensorcelled Hibernation (safe; 14% risk of failure)
Press: ? - help, Shift-Dir - straight line, f/p - adder
Aim: an adder (moderately wounded, chance to defeat MR: 48%)
The adder resists with some effort.
The adder barely misses you. The adder bites you.
* * * LOW HITPOINT WARNING * * *
Okay, then.
Casting: Ensorcelled Hibernation (safe; 14% risk of failure)
Confirm with . or Enter, or press ? or * to list all spells.
Aiming: Ensorcelled Hibernation (safe; 14% risk of failure)
Press: ? - help, Shift-Dir - straight line, f/p - adder
Aim: an adder (moderately wounded, chance to defeat MR: 48%)
The adder resists with some effort.
The adder bites you.
You die...

......รท....#.#.#
#........
.#.........#.#.###........
.#...#.....#(.............
............<#.###........
.......#.........#........
##.........###.#.
#.........#...# #
#.#.......#.#.###.#
#.####.#.....#.@.# #..
...#..###.#S#.# #.
###.#... #...# #
#.###..#.### .... ..#.
###.. ####


You could see an adder.

Vanquished Creatures
  2 adders (D:2)
  3 dart slugs (D:2)
  A leopard gecko (D:1)
  2 giant cockroaches
  3 hobgoblins
  A quokka (D:2)
  9 bats
  4 frilled lizards
  6 goblins
  8 kobolds
  8 rats
47 creatures vanquished.

Notes
Turn   | Place    | Note
-------+----------+-------------------------------------------
     0 | D:1      | Borgoz the Kobold Enchanter began the quest for the Orb.
     0 | D:1      | Reached XP level 1. HP: 10/10 MP: 3/3
   268 | D:1      | Reached XP level 2. HP: 8/16 MP: 5/5
   791 | D:1      | Reached XP level 3. HP: 20/20 MP: 6/6
  1144 | D:2      | Reached skill level 1 in Fighting
  1266 | D:2      | HP: 1/20 [goblin/+0 club (4)]
  1269 | D:2      | Gained mutation: Armour fits poorly on your strangely
                  | shaped body. [potion of mutation]
  1269 | D:2      | Gained mutation: Your natural rate of healing is unusually
                  | fast. [potion of mutation]
  1269 | D:2      | Gained mutation: You are clumsy. (Dex -2) [potion of
                  | mutation]
  1269 | D:2      | Gained mutation: You have a pair of small horns on your
                  | head. [potion of mutation]
  1274 | D:2      | Reached XP level 4. HP: 19/25 MP: 7/7
  1307 | D:2      | Reached skill level 1 in Armour
  1365 | D:2      | Learned a level 2 spell: Ensorcelled Hibernation
  1369 | D:2      | Learned a level 3 spell: Confuse
  1373 | D:2      | Found a deep blue altar of Sif Muna.
  1464 | D:2      | Slain by an adder

Skill      XL: |  1  2  3  4 |
---------------+-------------+-----
Fighting       | 1 |  1.1
Short Blades   | 2 |  2.3
Armour         | 1 |  1.0
Dodging        | |  2.9
Stealth        | |  4.5
Spellcasting   | |  2.5
Hexes          | |  3.4

Action                   |  1- 3 |  4- 6 || total
-------------------------+-------+-------++-------
Melee: Dagger            |   129 |    41 ||   170
       Headbutt          |       |     4 ||     4
 Cast: Corona            |     1 |       ||     1
       Ensorcelled Hiber |       |     2 ||     2
  Use: Potion            |     6 |       ||     6
 Stab: Sleeping          |     9 |     1 ||    10
  Eat: Chunk             |     7 |     3 ||    10
Armor: Robe              |    33 |     7 ||    40
Dodge: Dodged            |   123 |    34 ||   157
